 Dungeon Crawl Stone Soup version 0.17-a0-1430-g49fde19 (webtiles) character file.

275 pulse the Chopper (level 6, -1/47 HPs)
             Began as a Formicid Fighter on June 25, 2015.
             Engulfed by a cloud of flame (23 damage)
             ... on level 4 of the Dungeon.
             The game lasted 00:06:02 (2556 turns).

pulse the Chopper (Formicid Fighter)                Turns: 2556, Time: 00:06:02

Health: -1/47      AC:  8    Str: 22    XL:     6   Next: 50%
Magic:  6/6        EV:  8    Int:  8    God:
Gold:   142        SH:  9    Dex: 10    Spells: 0 memorised, 5 levels left

rFire  . . .     SeeInvis +     a - +1 war axe
rCold  . . .     Clarity  .     b - +0 scale mail
rNeg   . . .     SustAt   .     c - +0 shield
rPois  .         Gourm    .     (helmet unavailable)
rElec  .         Spirit   .     (no cloak)
rCorr  .         Warding  .     s - +0 pair of gloves
rMut   .         Stasis   +     (no boots)
MR     .....                    (no amulet)
Stlth  ..........               (no ring)
                                (no ring)

@: not resistant to hostile enchantments, extremely unstealthy
A: permanent stasis, dig shafts and tunnels, four strong arms, antennae 3
a: Dig, Shaft Self


You were on level 4 of the Dungeon.
You were not hungry.

You visited 1 branch of the dungeon, and saw 4 of its levels.

You collected 142 gold pieces.

Inventory:

Hand weapons
 a - a +1 war axe (weapon)
Armour
 b - a +0 scale mail (worn)
 c - a +0 shield (worn)
 s - a +0 pair of gloves (worn)
Magical devices
 e - a wand of cold (2)
 w - a wand of disintegration (12)
Scrolls
 q - 2 scrolls of magic mapping
 x - a scroll of remove curse {unknown}
Potions
 d - 2 potions of might
 h - a potion of invisibility
 l - a potion of curing
 m - a potion of magic
 o - a potion of flight
 r - 2 potions of mutation
 z - a potion of poison {unknown}
Miscellaneous
 p - a plain deck of changes
Comestibles
 f - a meat ration


   Skills:
 - Level 3.4 Fighting
 * Level 6.2 Axes
 - Level 3.3 Armour
 - Level 3.7 Shields


You had 5 spell levels left.
You didn't know any spells.

Dungeon Overview and Level Annotations

Branches:
Dungeon (4/15)
 Temple: D:4-7

Altars:
Okawaru


Innate Abilities, Weirdness & Mutations

You are under a permanent stasis effect.
You can dig through walls and to a lower floor.
Your four strong arms can wield two-handed weapons with a shield.
You have a pair of large antennae on your head (SInv).


Message History

As you read the scroll labeled SAHOUH GIXEV, it crumbles to dust.
The creatures around you are filled with an inner flame!
It was a scroll of immolation.
You closely miss the hound. The hound bites you. You block the hound's attack.
You completely miss the hound. You block the hound's attack.
The hound closely misses you.
You closely miss the hound. You block the hound's attack.
You block the hound's attack.
Your shield and scale mail prevent you from hitting the hound.
You block the hound's attack. The hound bites you.
You barely miss the hound. The hound bites you but does no damage.
The hound bites you.
You barely miss the hound. The hound misses you. You block the hound's attack.
You slash the hound!
The hound is heavily wounded.
The hound bites you. You block the hound's attack.
You slash the hound!
The hound explodes!
The fiery explosion engulfs you!
You are engulfed in roaring flames.
You die...

,,,.........#* *#..,*** *,,
*,,..<......# *#......** *,,
***.......<######.......,* *,,
*#....................,* **,
###..####........b...,* *, ##**
##......b....,* **,
###..§§§....b.,* *,,
###...<.§§......,* **,,
**##......§@..b....** ***,>,
**#..................****,,,,,
***,...........).......*,,,,,,,,
**,,,.....#.............,,,,,,,,,
,,,,,..#####............,,,,**,,,
,,,,*#** ###....b.....,,,***,,,
,,*** #####......,*** *,,, ***
*####..,* ***,,, ****
*,,,***,,,,,


There were no monsters in sight!

Vanquished Creatures
  A wasp (D:3)
  A hound (D:4)
  A worker ant (D:4)
  2 gnolls (D:2)
  5 adders
  An ooze (D:1)
  A worm (D:3)
  A giant gecko (D:3)
  An orc (D:3)
  3 ball pythons
  8 bats
  17 hobgoblins
  A quokka (D:3)
  5 giant cockroaches
  4 giant newts
  4 goblins
  5 jackals
  4 kobolds
  6 rats
71 creatures vanquished.

Notes
Turn   | Place    | Note
--------------------------------------------------------------
     0 | D:1      | pulse the Formicid Fighter began the quest for the Orb.
     0 | D:1      | Reached XP level 1. HP: 18/18 MP: 1/1
   192 | D:1      | Reached XP level 2. HP: 22/24 MP: 2/2
   259 | D:1      | Reached XP level 3. HP: 29/29 MP: 3/3
   523 | D:1      | Found an iron altar of Okawaru.
   867 | D:2      | Reached XP level 4. HP: 35/35 MP: 4/4
   911 | D:2      | Reached skill level 4 in Axes
  1389 | D:2      | Reached XP level 5. HP: 36/41 MP: 5/5
  1607 | D:3      | Noticed a wasp
  1621 | D:3      | HP: 2/61 [wasp (2)]
  1637 | D:3      | Killed a wasp
  1637 | D:3      | Reached skill level 5 in Axes
  1637 | D:3      | Reached XP level 6. HP: 4/47 MP: 6/6
  2338 | D:4      | Reached skill level 6 in Axes
  2556 | D:4      | Engulfed by a cloud of flame

Vault maps used:
D:1:      dpeg_cavernosity, okawaru_ov_weapons_minmay
D:2:      amalloy_card_club
D:4:      lemuel_doored_altar, kennysheep_generic_room_14

Action                   |  1- 3 |  4- 6 || total
-------------------------+-------+-------++-------
Melee: War axe           |    97 |   143 ||   240
  Use: Potion            |       |     3 ||     3
       Scroll            |       |    11 ||    11
 Stab: Invisible         |       |     2 ||     2
  Eat: Chunk             |       |     2 ||     2
       Bread ration      |       |     1 ||     1
